 Dungeon Crawl Stone Soup version 0.28-a0-697-g47f3eba078 (webtiles) character file.

Game seed: 14430416289936296975

3 shoop the Vexing (level 1, 0/11 HPs)
             Began as a Deep Elf Arcane Marksman on Oct 23, 2021.
             Frozen to death by an endoplasm (5 damage)
             ... on level 1 of the Dungeon.
             The game lasted 00:01:08 (796 turns).

shoop the Vexing (Deep Elf Arcane Marksman)          Turns: 796, Time: 00:01:09

Health: 0/11       AC:  2    Str:  7    XL:     1   Next: 41%
Magic:  5/5        EV: 13    Int: 17    God:
Gold:   10         SH:  0    Dex: 21    Spells: 3/3 levels left

rFire   . . .      SeeInvis .   b - +0 dagger
rCold   . . .      Faith    .   (no shield)
rNeg    . . .      Spirit   .   d - +0 robe
rPois   .          Reflect  .   (no helmet)
rElec   .          Harm     .   (no cloak)
rCorr   .          Rampage  .   (no gloves)
Will    .....                   (no boots)
Stlth   ++........              (no amulet)
HPRegen 0.03/turn               f - +6 ring of dexterity
MPRegen 0.09/turn               (no ring)

@: no status effects
A: no striking features
a: no special abilities


You were on level 1 of the Dungeon.
You visited 1 branch of the dungeon, and saw 1 of its levels.

You collected 10 gold pieces.

Inventory:

Hand Weapons
 a - a +0 shortbow
 b - a +0 dagger (weapon)
Missiles
 c - 31 arrows
Armour
 d - a +0 robe (worn)
Jewellery
 f - a +6 ring of dexterity (left hand)
Scrolls
 e - 2 scrolls of identify {unknown}


   Skills:
 - Level 0.7 Fighting
 * Level 3.0 Bows
 - Level 2.4 Dodging
 + Level 0.5 Stealth
 - Level 1.5 Spellcasting
 - Level 4.0 Hexes


You had 3 spell levels left.
You didn't know any spells.
Your spell library contained the following spells:

 Spells                   Type           Power      Damage    Failure   Level
 Slow                     Hex            14%        N/A       6%          2
 Inner Flame              Hex/Fire       8%         N/A       26%         3
 Portal Projectile        Hex/Tloc       16%        N/A       26%         3
 Cause Fear               Hex            7%         N/A       36%         4


Dungeon Overview and Level Annotations

Branches:
Dungeon (1/15)

Altars:

Shops:
D:1 (


Message History

The ball python is severely wounded.
The ball python bites you.
* * * LOW HITPOINT WARNING * * *
The ball python constricts you.
You hit the ball python.
You kill the ball python!
You see here a ball python corpse.
You see here a ball python skeleton.
You see here a +0 dagger.
You enter the shallow water.
Moving in this stuff is going to be slow.
You enter the shallow water.
Moving in this stuff is going to be slow.
You enter the shallow water.
Moving in this stuff is going to be slow.
You enter the shallow water.
Moving in this stuff is going to be slow.
You enter the shallow water.
Moving in this stuff is going to be slow.
You enter the shallow water.
Moving in this stuff is going to be slow.
An endoplasm comes into view.
The endoplasm quivers.
The endoplasm moves out of view.
You hit the endoplasm.
The endoplasm is moderately wounded.
The endoplasm hits you.
You hit the endoplasm.
The endoplasm is severely wounded.
The endoplasm freezes you.
You are frozen.
You are too injured to fight recklessly!
You are too injured to fight recklessly!
You are too injured to fight recklessly!
You are too injured to fight recklessly!
You hit the endoplasm.
The endoplasm is almost dead.
The endoplasm freezes you.
You are frozen.
You die...

.#8#8#8 #.###... ....... #.##....
...### #......÷ ....... ####
#####.... .#8#8#8 .# #.. ...
#........ .8########.#.. ... ..#
#######.# .##........#.# #.# #.#
## ### .8#.. #....#.# #J# #.# #≈#
.##.####...#.# #@###.###≈##
.8#..##....#.###.##..##≈≈≈#######
###......(.#.#.......#≈≈≈≈#.....#
###.##....(....#.##..#≈≈≈≈###.#..
.................###.#≈≈≈≈#≈≈≈...
######..##.....#####.#≈≈.≈≈≈≈≈≈≈≈
#...............≈≈≈≈≈≈≈≈≈≈≈.
....##.....#####.#.≈.≈≈≈≈≈.≈≈
#######...........#.≈≈≈≈≈≈≈≈≈≈


You could see an endoplasm.

Vanquished Creatures
  A goblin (D:1)
  A ball python (D:1)
  A frilled lizard (D:1)
  A kobold (D:1)
4 creatures vanquished.

Notes
Turn   | Place    | Note
-------+----------+-------------------------------------------
     0 | D:1      | shoop the Deep Elf Arcane Marksman began the quest for the
                  | Orb.
     0 | D:1      | Reached XP level 1. HP: 11/11 MP: 5/5
    67 | D:1      | Found Bahafig's Weapon Shoppe.
   796 | D:1      | Frozen to death by an endoplasm

Illustrated notes

Levels and vault maps discovered:
D:1:      heliophobic_arrival_ceremonial_halls, layout_loops_ring,
          serial_rivers, chequers_serial_rivers_large_b,
          chequers_serial_rivers_small_b, chequers_serial_rivers_micro_e,
          chequers_serial_rivers_small_3, chequers_serial_rivers_large_a,
          serial_shops, nicolae_diamond_shop,
          hellmonk_ecumenical_altar_leap_of_faith

Skill      XL: |  1 |
---------------+----+-----
Bows           | 3 |  3.0
Fighting       | |  0.7
Dodging        | |  2.4
Stealth        | |  0.5
Spellcasting   | |  1.5
Hexes          | |  4.0

Action                   || total
-------------------------++-------
Melee: Dagger            ||    24
 Fire: Shortbow          ||     6
Armor: Robe              ||     5
Dodge: Dodged            ||     8

Table legend: (Time is in decaauts)
 A = Elapsed time spent in this place.
 B = Non-inter-level travel time spent in this place.
 C = Inter-level travel time spent in this place.
 D = Time resting spent in this place.
 E = Time spent auto-exploring this place.
 F = Levels seen in this place.
 G = Mean time per level.
                   A        B        C        D        E       F      G
               +--------+--------+--------+--------+--------+-----+--------+
         Total |    806 |    806 |      0 |      0 |    741 |   1 |  806.0 |
       Dungeon |    806 |    806 |      0 |      0 |    741 |   1 |  806.0 |
               +--------+--------+--------+--------+--------+-----+--------+

Top non-repeatable levels by time:
     D:1: 806 daAuts
